 Dungeon Crawl Stone Soup version 0.21-a0-78-g82a99e0 (webtiles) character file.

693 grindst0ne the Covered (level 7, -7/52 HPs)
             Began as a Formicid Fighter on June 21, 2017.
             Mangled by an ogre
             ... wielding a +0 giant club
              (10 damage)
             ... on level 4 of the Dungeon.
             The game lasted 00:06:05 (3405 turns).

grindst0ne the Covered (Formicid Fighter)           Turns: 3405, Time: 00:06:05

Health: -7/52      AC: 13    Str: 20    XL:     7   Next: 96%
Magic:  7/7        EV:  5    Int: 13    God:
Gold:   209        SH: 10    Dex: 12    Spells: 6/6 levels left

rFire    . . .     SeeInvis +   a - +0 war axe
rCold    . . .     Gourm    .   c - +0 shield
rNeg     . . .     Faith    +   l - +0 plate armour
rPois    .         Spirit   .   (helmet unavailable)
rElec    .         Reflect  .   (no cloak)
rCorr    .         Harm     .   (no gloves)
MR       .....                  (no boots)
Stlth    ..........             u - amulet of faith
HPRegen  0.17/turn              q - +5 ring of intelligence
MPRegen  0.10/turn              g - ring of stealth

@: no status effects
A: permanent stasis, dig shafts and tunnels, four strong arms, antennae 3
a: Dig, Shaft Self


You were on level 4 of the Dungeon.
You were hungry.

You visited 1 branch of the dungeon, and saw 4 of its levels.

You collected 209 gold pieces.

Inventory:

Hand Weapons
 a - a +0 war axe (weapon)
Armour
 b - a +0 scale mail
 c - a +0 shield (worn)
 l - a +0 plate armour (worn)
Jewellery
 g - a ring of stealth (right hand)
 q - a +5 ring of intelligence (left hand)
 r - an uncursed amulet of guardian spirit
 u - an amulet of faith (around neck)
Wands
 t - a wand of digging (13/24)
 z - a wand of flame (28/48)
Scrolls
 i - 4 scrolls of remove curse
 n - 2 scrolls of fog {unknown}
 p - a scroll of immolation {unknown}
 s - a scroll of magic mapping {unknown}
 v - a scroll of teleportation {unknown}
 w - 2 scrolls of noise {unknown}
 x - 2 scrolls of identify {unknown}
 y - a scroll of enchant armour {unknown}
Potions
 d - a potion of might
 e - a potion of haste {unknown}
 j - 2 potions of resistance {unknown}
 o - 2 potions of flight {unknown}
 A - a potion of lignification {unknown}
Books
 k - a Grand Grimoire

   Spells                             Type                      Level
   a - Monstrous Menagerie            Summoning                    7
   b - Summon Greater Demon           Summoning                    7
   c - Malign Gateway                 Summoning/Translocation      7
   d - Summon Horrible Things         Summoning                    8
Comestibles
 f - 7 bread rations
 h - 3 royal jellies
 m - a meat ration
 B - 6 chunks of flesh


   Skills:
 - Level 3.2 Fighting
 - Level 2.0 Axes
 + Level 7.7 Armour
 - Level 7.0 Shields


You had 6 spell levels left.
You didn't know any spells.

Dungeon Overview and Level Annotations

Branches:
Dungeon (4/15)
 Temple: D:4-7

Altars:
Kikubaaqudgha


Innate Abilities, Weirdness & Mutations

You cannot be hasted, slowed, berserked, paralysed or teleported.
You can dig through walls and to a lower floor.
Your four strong arms can wield two-handed weapons with a shield.
You have a pair of large antennae on your head. (SInv)


Message History

The ogre is lightly wounded.
The ogre closely misses you.
You closely miss the ogre.
The ogre is lightly wounded.
The ogre hits you with a giant club!
You hit the ogre but do no damage.
The ogre is lightly wounded.
You block the ogre's attack.
You hit the ogre.
The ogre is moderately wounded.
The ogre hits you with a giant club.
You slash the ogre!
The ogre is heavily wounded.
The ogre hits you but does no damage.
Your plate armour prevents you from hitting the ogre.
The ogre is heavily wounded.
The ogre hits you with a giant club!
* * * LOW HITPOINT WARNING * * *
The ogre hits you with a giant club!
You die...

#.# #........##
#.###.#.##.#.#
#..........#.# ####
#####.#....#.# ... ##
#.#.#..#.# .. .#
#....)...# #.##.#
####...### #.O#.#
#...#### # #@#.#
#...#... #.##.#.#
#...#...
#......#######..)#...
####.)##.............
#...#...)...........
#.###.#.............
... ...#######...#...
### ##### #...#...
#.....<.


You could see an ogre.

Vanquished Creatures
  An ogre (D:4)
  A phantom (D:4)
  A bullfrog (D:3)
  A bullfrog skeleton (D:3)
  4 orc priests
  5 orc wizards
  Ijyb (D:3)
  5 adders
  A worm (D:2)
  A dart slug (D:1)
  13 orcs
  9 bats
  3 giant cockroaches
  7 goblins
  6 hobgoblins
  9 jackals
  3 quokkas (D:4)
  A ball python (D:3)
  5 frilled lizards
  5 kobolds
  23 rats
105 creatures vanquished.

Notes
Turn   | Place    | Note
-------+----------+-------------------------------------------
     0 | D:1      | grindst0ne the Formicid Fighter began the quest for the Orb.
     0 | D:1      | Reached XP level 1. HP: 18/18 MP: 1/1
   175 | D:1      | Reached XP level 2. HP: 24/24 MP: 2/2
   243 | D:1      | Reached XP level 3. HP: 25/29 MP: 3/3
   827 | D:2      | Reached skill level 5 in Shields
   827 | D:2      | Reached XP level 4. HP: 31/35 MP: 4/4
  1192 | D:2      | Found an ancient bone altar of Kikubaaqudgha.
  1574 | D:3      | Noticed Ijyb
  1591 | D:3      | Noticed a bullfrog
  1596 | D:3      | Killed Ijyb
  1596 | D:3      | Reached XP level 5. HP: 35/41 MP: 3/5
  1603 | D:3      | Killed a bullfrog
  1655 | D:2      | Reached XP level 6. HP: 26/47 MP: 4/6
  1819 | D:3      | Reached skill level 5 in Armour
  2170 | D:3      | Reached XP level 7. HP: 48/52 MP: 7/7
  3405 | D:4      | Mangled by an ogre

Vault maps used:
D:1:      evilmike_arrival_crescent, roderic_st_hans_cross
D:2:      kiku_gazebo_garden_becter, first_bread
D:3:      uniq_ijyb
D:4:      minmay_rat_hole

Skill      XL: |  1  2  3  4  5  6  7 |
---------------+----------------------+-----
Shields        | 4 5 6 7 |  7.0
Armour         | 4 5 7 |  7.7
Fighting       | |  3.2
Axes           | |  2.0

Action                   |  1- 3 |  4- 6 |  7- 9 || total
-------------------------+-------+-------+-------++-------
Melee: War axe           |    72 |   164 |   166 ||   402
 Abil: Dig               |       |     3 |     2 ||     5
  Use: Scroll            |       |       |     1 ||     1
  Eat: Chunk             |       |     5 |     4 ||     9
Armor: Scale mail        |    59 |       |       ||    59
       Plate armour      |       |   119 |    88 ||   207
Dodge: Dodged            |    42 |    20 |    39 ||   101
Block: Shield            |    50 |    91 |   109 ||   250
